← All builds
Geo sea / Armada / Economy first / OBSERVED BUILD

Standard geo sea

The role's normal opening: bot lab then shipyard in the cove, an early submarine and destroyer to contest the sea, and a geothermal around 7:45 to fund the transition into destroyers, fast assault corvettes and assault frigates.

Usually shipyard in the cove (87%)

#naval #eco · 636 distinct matches · 100 players · 81% of Armada Geo sea games · team won 54% of 682 · Recently observed

HOW TO PLAY IT

Key timing: Shipyard by 3:13

  1. Open 3 mex and wind into Bot Lab.
  2. Put up Shipyard with naval turret and BP for defense.
  3. Send out "submarine" then "destroyer" to contest the sea.
  4. Bring geothermal online to fund the fleet.
  5. Add Advanced Metal Extractor as the economy transitions.

Phase by phase

TYPICAL OF ITS 636 GAMES
  1. 1
  2. 2
  3. 3
  4. 4
PLAY THE OPENING

Follow the example game's first 6:00 step by step: what to build now, what comes next, and where it goes. At 1× it keeps pace with your own game.

  1. 1

    Up to the Bot Lab

    Economy
    • Metal Extractor3Mex
    • Wind Turbine3Wind
    Order
    1. Bot LabBot Lab after 3 mex, 3 winddone ~1:12, middle half 1:06–1:17

    Some games also: wind for allies (46%)

    By 0:55 in all: 3 mex · 3 wind

    The example game in this phase · 4 steps
    1. Mex ×3
    2. Wind
    3. Wind ×3for Air
    4. Bot LabBot Labdone 1:12 · typical 1:12
  2. 2

    Bot Lab to Shipyard

    Economy
    • Metal Extractor1Mex
    • Wind Turbine1Wind
    Order
    1. ShipyardShipyard after 4 mex, 4 winddone ~3:11, middle half 2:50–3:36
    Builders
    • Construction Bot3 Con bot
    • Lazarus2 Lazarus

    Some games also: pawn (45%) · con turret (38%) · crossbow (34%)

    By 2:48 in all: 4 mex · 4 wind

    The example game in this phase · 16 steps
    1. CrossbowCrossbow
    2. Wind ×2
    3. CrossbowCrossbow
    4. Wind ×3
    5. LazarusLazarus
    6. Wind
    7. Construction BotCon bot ×3
    8. Energy storage
    9. LazarusLazarus
    10. Mex
    11. PawnPawn
    12. Con turret
    13. Mex
    14. PawnPawn
    15. Mex
    16. ShipyardShipyarddone 3:53 · typical 3:11
  3. 3

    Shipyard to 5:00

    Economy
    • Metal Extractor4Mex
    • Wind Turbine1Wind
    Builders
    • Construction Ship1 Con ship
    Army
    • Dolphin3 Dolphin
    • Skater1 Skater
    • Corsair1 Destroyer
    Other
    • Radar Tower1 Radar Tower

    Some games also: Sentry (45%) · submarine (44%) · con turret (32%) · converter (30%)

    By 5:00 in all: 8 mex · 6 wind · 1 energy storage · 1 con turret

    The example game in this phase · 19 steps
    1. Mex
    2. DolphinDolphin
    3. Converter
    4. Wind
    5. Mex
    6. Radar TowerRadar Tower
    7. DolphinDolphin ×2
    8. Wind
    9. Construction ShipCon ship
    10. SentrySentry
    11. Wind
    12. EelSubmarinedone 4:49 · typical 4:22
    13. Wind
    14. Mex
    15. Wind ×2
    16. Radar TowerRadar Tower
    17. Wind
    18. Grim ReaperGrim Reaper
    19. Wind
  4. 4

    5:00 to 10:00

    Economy
    • Metal Extractor2Mex
    • Wind Turbine12Wind
    • Energy Converter2Converter
    Builders
    • Construction Turret1 Con turret
    • Construction Ship1 Con ship
    • Grim Reaper1 Grim Reaper
    Army
    • Sentry1 Sentry
    • Dolphin5 Dolphin
    • Corsair2 Destroyer
    • Skater2 Skater

    Some games also: Radar Tower (48%) · frigate (42%) · geo (39%) · Harpoon (37%) · Naval Construction Turret (31%)

    By 10:00 in all: 11 mex · 19 wind · 1 geo · 3 converter · 1 energy storage · 2 con turret

    The example game in this phase · 93 steps
    1. Wind
    2. Mex
    3. EllysawFrigate
    4. Converter
    5. EllysawFrigate
    6. Converter
    7. CorsairDestroyerdone 6:19 · typical 5:35
    8. Wind ×2
    9. SentrySentry
    10. Converter
    11. SkaterSkater
    12. Wind
    13. Construction ShipCon ship
    14. Geothermal PowerplantGeodone 9:32 · typical 7:45
    15. Grim ReaperGrim Reaper
    16. Wind ×2
    17. CorsairDestroyer
    18. Wind
    19. Mex
    20. Wind ×2
    21. CorsairDestroyer
    22. Naval Radar / Sonar TowerNaval Radar / Sonar Tower
    23. Wind ×2
    24. SkaterSkater
    25. Construction ShipCon ship
    26. DolphinDolphin ×2
    27. Wind
    28. DolphinDolphin
    29. Wind
    30. DolphinDolphin ×2
    31. Wind
    32. DolphinDolphin
    33. Advanced Metal ExtractorT2 mexdone 9:44 · typical 9:16
    34. Construction ShipCon ship
    35. Wind
    36. DolphinDolphin
    37. Wind
    38. DolphinDolphin ×2
    39. Wind
    40. DolphinDolphin ×2
    41. Construction ShipCon ship
    42. Converter
    43. Wind
    44. DolphinDolphin
    45. Advanced Metal ExtractorT2 mex
    46. Wind
    47. DolphinDolphin ×3
    48. Construction ShipCon ship
    49. Converter
    50. Wind
    51. Grim ReaperGrim Reaper
    52. DolphinDolphin
    53. Wind
    54. Advanced Metal ExtractorT2 mex
    55. DolphinDolphin
    56. CorsairDestroyer
    57. Converter
    58. CorsairDestroyer
    59. Wind
    60. SkaterSkater
    61. Wind
    62. CorsairDestroyer
    63. Converter
    64. Wind
    65. Naval Construction Turret
    66. Wind
    67. CorsairDestroyer
    68. Wind
    69. Advanced Metal ExtractorT2 mex
    70. SkaterSkater
    71. Converter
    72. CorsairDestroyer ×2
    73. Converter
    74. SkaterSkater
    75. DolphinDolphin ×2
    76. Naval Construction Turret
    77. DolphinDolphin ×2
    78. Grim ReaperGrim Reaper
    79. NettleNettle
    80. Grim ReaperGrim Reaper
    81. DolphinDolphin ×2
    82. Advanced Metal ExtractorT2 mex
    83. DolphinDolphin ×4
    84. CorsairDestroyer ×2
    85. SkaterSkater
    86. CorsairDestroyer
    87. Mex
    88. Naval Construction Turret ×2
    89. SentrySentry
    90. CorsairDestroyer
    91. Advanced Metal ExtractorT2 mex
    92. SkaterSkater
    93. CorsairDestroyer

Counts are medians over the build's games: half of them build more, half fewer. The example game is Rexalidus's (37 OS, 19/09/2026); pick another.

Team trades

IN AT LEAST 30% OF ITS GAMES

You hand over

  • Wind Turbine2 Wind to Air or Suicide frontfirst at 1:41 · in 65% of games

You get

  • Finch1 Finch from Airfirst at 1:51 · in 77% of games
  • Hercules1 Light transport from Airfirst at 2:04 · in 66% of games
  • Advanced Construction Bot1 T2 con bot from Techfirst at 7:42 · in 89% of games

How it plays out

Typical game of this build, running totals by minute

Metal produced

010k20k30k
0:005:0010:0015:00

metal

Enemy metal destroyed

05k10k
0:005:0010:0015:00

metal

Own metal lost

02.5k5k7.5k
0:005:0010:0015:00

metal

682 games.

Show as table
ByMetal produced: This buildEnemy metal destroyed: This buildOwn metal lost: This build
1:0039500
2:0092800
3:00160300
4:002934051
5:00414517574
6:005548541325
7:0071031018661
8:00877917921050
9:001067325581702
10:001296034202269
11:001569646803159
12:001870257163914
13:002210468594765
14:002580179875656
15:002914191246705
WHAT THE NUMBERS SAY

Standard Armada geo sea nearly matches Cortex's economy numbers but wins slightly more often at 53%.

  • + Metal produced reaches 28785 by 15:00, the highest of the sea builds
  • + Own metal lost of 6895 stays well under enemy metal destroyed's 9048
  • − Geothermal only lands in 58% of games by 7:34
  • − T2 factory completes in only 40% of games by 12:43
THE EXAMPLE YOU ARE READING

Rexalidus

37.0 OS · 19/09/2026

Open source match ↗

3 received units · includes a constructor
52 metal received · 23730 energy received

Allied construction assistance is unknown. Timings are observations, not a promise of solo reproducibility.

Typical milestones

Bot Lab1:12Middle 50%: 1:06–1:17 · n=663
Shipyard3:11Middle 50%: 2:50–3:36 · n=674
Eel4:22Middle 50%: 3:41–5:38 · n=413
Corsair5:35Middle 50%: 4:50–6:34 · n=632
Geothermal Powerplant7:45Middle 50%: 6:47–9:11 · n=423
Advanced Metal Extractor9:16Middle 50%: 8:36–10:06 · n=595

Played most by

Optimusprimenutt50games of this buildKingBenjai48games of this buildhaaven38games of this buildHummell32games of this buildRexalidus26games of this build